 Dungeon Crawl Stone Soup version 0.22.1-1-ga44c0e5 (webtiles) character file.

169 brandon the Skirmisher (level 5, 0/48 HPs)
             Began as a Minotaur Berserker on Sept 30, 2018.
             Was a Believer of Trog.
             Killed by nerve-wracking pain
             ... invoked by Grinder
              (11 damage)
             ... on level 3 of the Dungeon.
             The game lasted 00:08:21 (1903 turns).

brandon the Skirmisher (Minotaur Berserker)         Turns: 1903, Time: 00:08:21

Health: 0/48       AC:  9    Str: 21    XL:     5   Next: 25%
Magic:  4/4        EV:  8    Int:  4    God:    Trog [**....]
Gold:   116        SH:  0    Dex: 11    Spells: 4/4 levels left

rFire    . . .     SeeInvis .   a - +0 mace
rCold    . . .     Gourm    .   (no shield)
rNeg     . . .     Faith    .   B - +0 chain mail
rPois    .         Spirit   .   (helmet restricted)
rElec    .         Reflect  .   (no cloak)
rCorr    .         Harm     .   (no gloves)
MR       .....                  (no boots)
Stlth    ..........             (no amulet)
HPRegen  0.16/turn              (no ring)
MPRegen  0.09/turn              (no ring)

@: no status effects
A: retaliatory headbutt, horns 2
a: Berserk, Trog's Hand, Renounce Religion


You were on level 3 of the Dungeon.
You worshipped Trog.
Trog was pleased with you.
You were hungry.

You visited 1 branch of the dungeon, and saw 3 of its levels.

You collected 116 gold pieces.

Inventory:

Hand Weapons
 a - a +0 mace (weapon)
 m - a +2 short sword of venom
 y - a +0 club
Missiles
 f - 31 arrows
 j - 2 throwing nets (quivered)
 p - 11 poisoned needles
 A - 15 bolts
Armour
 b - a +0 animal skin
 e - a +0 ring mail
 B - a +0 chain mail (worn)
Jewellery
 u - a +5 ring of strength {unknown}
 w - an uncursed ring of positive energy {unknown}
Scrolls
 g - 4 scrolls of magic mapping {unknown}
 l - 3 scrolls of identify {unknown}
 n - 3 scrolls of enchant weapon {unknown}
 o - a scroll of teleportation {unknown}
 t - a scroll of fear {unknown}
 x - a scroll of random uselessness {unknown}
 z - a scroll of immolation {unknown}
Potions
 d - a potion of magic {unknown}
 h - a potion of agility {unknown}
 i - 2 potions of curing {unknown}
 k - a potion of degeneration {unknown}
 q - 2 potions of haste {unknown}
 r - a potion of resistance {unknown}
 s - a potion of flight {unknown}
 v - 3 potions of lignification {unknown}
Comestibles
 c - 4 rations


   Skills:
 * Level 5.4 Fighting
 + Level 5.0 Maces & Flails
 + Level 3.5 Armour
 + Level 2.8 Dodging


You had 4 spell levels left.
You didn't know any spells.
Your spell library was empty.

Dungeon Overview and Level Annotations

Branches:
Dungeon (3/15)

Altars:
Nemelex Xobeh
Okawaru
Zin

Annotations:
D:3 Grinder


Innate Abilities, Weirdness & Mutations

You reflexively headbutt those who attack you in melee.
You have a pair of horns on your head.


Message History

You can move again.
There is an open door here.
You close the door.
Something unseen opens the door.
There is an open door, spattered with blood here.
Items here: )) รทรทรท a club x2; a hobgoblin skeleton; a goblin skeleton; a leopard gecko skeleton Grinder blinks!
You close the door, pushing everything out of the way.
Grinder opens the door.
Found a leather armour.
You see here a leather armour.
Found a stone staircase leading down.
Grinder hits you.
* * * LOW HITPOINT WARNING * * *
You writhe in agony.
* * * LOW HITPOINT WARNING * * *
Grinder gestures at you. Pain shoots through your body!
You die...

.....................'....
.....................#####
................(....# #
.....................# #
..................)5.#
..........########'###
..........# ######.#######
..........# #...5..(.....#
#####..##@# #.####.#####.#
##. #.# #.#..........#
####..#5###.#.##.####...
...........[#......##+##
##....#.#####..###......
........# #.. #).....
#....#..# #. #......
.......># #. #......
#.####### # #.##'##


You could see Grinder.

Vanquished Creatures
  A hound (D:3)
  A worker ant (D:3)
  5 adders
  An ooze (D:2)
  A worm (D:3)
  3 dart slugs (D:2)
  4 leopard geckos
  A ball python (D:1)
  7 bats
  2 giant cockroaches (D:2)
  6 goblins
  5 hobgoblins
  4 jackals (D:2)
  15 frilled lizards
  3 kobolds
  3 rats
62 creatures vanquished.

Notes
Turn   | Place    | Note
-------+----------+-------------------------------------------
     0 | D:1      | brandon the Minotaur Berserker began the quest for the Orb.
     0 | D:1      | Reached XP level 1. HP: 19/19 MP: 0/0
    96 | D:1      | Reached XP level 2. HP: 27/27 MP: 1/1
   425 | D:1      | Reached ** piety under Trog
   869 | D:2      | Reached XP level 3. HP: 34/34 MP: 2/2
   966 | D:2      | Reached XP level 4. HP: 31/41 MP: 3/3
  1043 | D:2      | Reached skill level 5 in Fighting
  1142 | D:2      | Found a glowing silver altar of Zin.
  1323 | D:2      | Found a sparkling altar of Nemelex Xobeh.
  1323 | D:2      | Found an iron altar of Okawaru.
  1529 | D:3      | Reached XP level 5. HP: 35/48 MP: 4/4
  1765 | D:3      | Reached skill level 5 in Maces & Flails
  1796 | D:3      | Noticed Grinder
  1800 | D:3      | Paralysed by Grinder for 5 turns
  1818 | D:3      | Paralysed by Grinder for 3 turns
  1825 | D:3      | Paralysed by Grinder for 7 turns
  1867 | D:3      | Paralysed by Grinder for 4 turns
  1903 | D:3      | Killed from afar by Grinder

Skill      XL: |  1  2  3  4  5 |
---------------+----------------+-----
Fighting       | 4 5 |  5.4
Maces & Flails | 4 5 |  5.0
Armour         | 3 |  3.5
Dodging        | |  2.8

Action                   |  1- 3 |  4- 6 || total
-------------------------+-------+-------++-------
Melee: Mace              |    57 |    66 ||   123
       Headbutt          |     7 |    11 ||    18
Invok: Berserk           |       |     1 ||     1
  Eat: Ration            |       |     1 ||     1
Armor: Ring mail         |    22 |    21 ||    43
       Chain mail        |       |    13 ||    13
Dodge: Dodged            |    45 |    33 ||    78
